 Dungeon Crawl Stone Soup version 0.22-a0-110-g5b255cf (webtiles) character file.

9664 Gorice the Severer (level 11, -8/80 HPs)
             Began as a Hill Orc Gladiator on Jan 27, 2018.
             Was a Priest of Beogh.
             Killed from afar by a storm dragon (37 damage)
             ... with a bolt of lightning
             ... on level 9 of the Dungeon.
             The game lasted 00:29:57 (11467 turns).

Gorice the Severer (Hill Orc Gladiator)            Turns: 11467, Time: 00:29:58

Health: -8/80      AC: 19    Str: 20    XL:     11   Next: 50%
Magic:  12/12      EV:  9    Int:  8    God:    Beogh [***...]
Gold:   431        SH:  0    Dex: 13    Spells: 9/10 levels left

rFire    . . .     SeeInvis .   a - +3 war axe
rCold    . . .     Gourm    .   (no shield)
rNeg     + . .     Faith    .   g - +0 chain mail
rPois    +         Spirit   .   c - +0 helmet
rElec    .         Reflect  .   F - +0 cloak
rCorr    .         Harm     .   m - +2 pair of gloves
MR       .....                  l - +0 pair of boots
Stlth    ..........             (no amulet)
HPRegen  0.23/turn              n - ring of positive energy
MPRegen  0.13/turn              p - ring of poison resistance

@: no status effects
A: no striking features
a: Smiting, Renounce Religion


You were on level 9 of the Dungeon.
You worshipped Beogh.
Beogh was most pleased with you.
You were not hungry.

You visited 2 branches of the dungeon, and saw 10 of its levels.

You collected 431 gold pieces.

Inventory:

Hand Weapons
 a - a +3 war axe (weapon)
 b - a +0 blowgun
 h - a +2 flail of crushing
   (You took it off an orc on level 4 of the Dungeon)
 o - a +1 war axe
 r - the +0 whip of the Dragonfly {chaos, rN+ MR+ Int+2 Dex+2}
   (You found it on level 5 of the Dungeon)

   Each time it hits an enemy it has a different, random effect.
   It affects your intelligence (+2).
   It affects your dexterity (+2).
   It protects you from negative energy.
   It affects your resistance to hostile enchantments.
 B - a +0 battleaxe
Missiles
 H - 3 tomahawks (quivered)
 Y - 204 stones
 Z - 2 throwing nets
Armour
 c - a +0 helmet (worn)
 g - a +0 chain mail (worn)
 l - a +0 pair of boots (worn)
 m - a +2 pair of gloves (worn)
 q - a +0 ring mail of magic resistance
   (You found it on level 4 of the Dungeon)
 F - a +0 cloak (worn)
Jewellery
 n - a ring of positive energy (left hand)
 p - a ring of poison resistance (right hand)
 x - an uncursed ring of positive energy
 C - a +2 ring of strength
Wands
 e - a wand of flame (26)
Scrolls
 j - a scroll of remove curse
 s - 3 scrolls of fog
 v - a scroll of enchant weapon
 E - 3 scrolls of teleportation {!r}
 I - a scroll of enchant armour {unknown}
Potions
 d - 3 potions of ambrosia
 k - 3 potions of curing
 u - 2 potions of might {!q}
 w - 2 potions of flight
 z - a potion of mutation {unknown}
 D - a potion of cancellation {unknown}
 G - a potion of lignification {unknown}
Books
 i - a Young Poisoner's Handbook
 t - a book of Cantrips
 y - a book of Flames
 A - a book of Geomancy
Comestibles
 f - 14 rations


   Skills:
 - Level 2.4 Fighting
 * Level 17.7 Axes
 - Level 1.7 Throwing
 + Level 10.9 Armour
 - Level 2.4 Dodging
 + Level 2.1 Invocations


You had 9 spell levels left.
You knew the following spells:

 Your Spells              Type           Power        Failure   Level  Hunger
A - Apportation           Tloc           #.....       96%         1    ##.....


Dungeon Overview and Level Annotations

Branches:
Dungeon (9/15)             Temple (1/1) D:5
   Lair: D:8-11         Orc: D:9-12

Altars:
Ashenzari
Cheibriados
Dithmenos
Elyvilon
Fedhas
Gozag
Hepliaklqana
Kikubaaqudgha
Makhleb
Nemelex Xobeh
Okawaru
Qazlal
Ru
Sif Muna
Trog
Uskayaw
Vehumet
Wu Jian
Xom
Yredelemnul
Zin
The Shining One


Message History

You swap places.
There is an open door here.
A centaur warrior comes into view.
The centaur warrior shouts!
The centaur warrior wields a longbow.
The centaur warrior shoots an arrow.
The arrow hits you.
Damage: 3 (max 3)
An orc knight comes into view. It is wielding an enchanted broad axe.
The orc knight shouts!
You hear a deafening roar!
The centaur warrior unwields an uncursed longbow.
The centaur warrior hits you but does no damage.
There is an open door here.
The centaur warrior closely misses you.
You hit the centaur warrior.
The centaur warrior is lightly wounded.
The centaur warrior hits you but does no damage.
You hit the centaur warrior.
The centaur warrior is lightly wounded.
You barely miss the orc knight. The centaur warrior hits you.
The orc knight hits you with an enchanted broad axe.
The orc knight hits your orc with an enchanted broad axe!
Your orc hits the orc knight but does no damage.
Your orc wizard hits the centaur warrior but does no damage.
Damage: 6 (max 6)
You hit the centaur warrior.
The centaur warrior is moderately wounded.
You hit the orc knight but do no damage.
The centaur warrior closely misses you.
Your orc warrior hits the centaur warrior but does no damage.
You slash the orc knight!
The orc knight is lightly wounded.
You hit the centaur warrior. The centaur warrior barely misses you.
The orc knight closely misses you.
The orc knight completely misses your orc.
Your orc wizard hits the centaur warrior with a dagger.
Your orc hits the orc knight but does no damage.
Your orc warrior hits the centaur warrior from afar with a trident!!
A storm dragon comes into view.
You swap places.
The centaur warrior hits you!
Your orc wizard misses the centaur warrior.
The centaur warrior hits you!
Your orc hits the orc knight but does no damage.
The orc knight hits your orc with an enchanted broad axe!
Your orc dies!
The orc knight closely misses your orc wizard.
The storm dragon breathes lightning at you.
The bolt of lightning hits you!
* * * LOW HITPOINT WARNING * * *
The bolt of lightning hits you!
You die...

.....#....##..# #...#..#.
...###....##### #...####.
...############ ##...####.
..............# .##..##..#.
..............#######D###..#...#.
...........o..#......##.#..#...#.
...........oo.#.o...##..).##...#.
#####.....###o#oc)# #o..#.#.####.
#####.....#...##@#####'####>#....
....'.....#.###..o......##..#...#
....#.....#.# #.......###...#...#
....#.....#.###....####.....#...#
...########...######..#.....#...#
...########...........#...))#...#
#####.....#...........#...).#....
#####.....#...........#....o##...
...##.....#...........#.....o#...


You could see a storm dragon, an orc knight, a centaur warrior, a friendly orc
warrior and a friendly orc wizard.

Vanquished Creatures
  2 two-headed ogres
  The ghost of Tovarisch the Purveyor of Pain, a novice DENe of Kikubaaqudgha (D:7)
  The ghost of Tovarisch the Tormented, a novice DENe of Kikubaaqudgha (D:5)
  A polar bear (shapeshifter) (D:9)
  2 trolls
  6 polar bears
  2 hippogriffs
  A wyvern (D:9)
  2 yaks
  4 hogs (D:7)
  A human (D:7)
  2 black bears
  2 sky beasts
  An orc warrior (D:9)
  6 ice beasts
  A phantom (D:9)
  The ghost of Daviar the Covered, an amateur BaFi of Gozag (D:3)
  A centaur (D:5)
  6 ogres
  2 big kobolds (D:9)
  2 bullfrogs
  A wyvern zombie (D:9)
  A scorpion (D:4)
  A vampire bat (D:4)
  5 wights
  7 electric eels (D:8)
  A howler monkey (D:6)
  4 crimson imps
  An orc priest (D:8)
  A gnoll shaman (D:3)
  3 hounds
  3 iguanas
  3 orc wizards
  11 worker ants
  A killer bee zombie (D:8)
  A hound skeleton (D:7)
  2 worker ant zombies
  6 gnolls
  2 howler monkey skeletons
  16 adders
  A shadow imp (D:6)
  A white imp (D:8)
  2 ufetubi (D:8)
  An ooze (D:1)
  2 worms (D:2)
  6 dart slugs
  3 fire bats (D:4)
  An adder simulacrum (D:8)
  9 leopard geckos
  13 orcs
  2 spectral bats (D:4)
  3 bat skeletons (D:4)
  A bat zombie (D:4)
  5 giant cockroaches
  3 goblins
  8 hobgoblins
  17 jackals
  3 quokkas
  16 bats
  A bat simulacrum (D:4)
  4 frilled lizards
  A jackal skeleton (D:8)
  15 kobolds
  3 leopard gecko skeletons (D:4)
  12 rats
250 creatures vanquished.

Vanquished Creatures (collateral kills)
  A death knight (D:9)
  A crocodile (D:9)
  A wight (D:9)
  A bullfrog zombie (D:9)
  A centaur zombie (D:9)
  An orc (D:9)
6 creatures vanquished.

Vanquished Creatures (others)
  An orc wizard (D:8)
  2 orcs (D:9)
3 creatures vanquished.

Grand Total: 259 creatures vanquished

Notes
Turn   | Place    | Note
-------+----------+-------------------------------------------
     0 | D:1      | Gorice the Hill Orc Gladiator began the quest for the Orb.
     0 | D:1      | Reached XP level 1. HP: 18/18 MP: 1/1
    37 | D:1      | Reached XP level 2. HP: 20/25 MP: 2/2
    90 | D:1      | Reached skill level 5 in Axes
   195 | D:1      | Reached XP level 3. HP: 26/30 MP: 3/3
   419 | D:1      | Reached skill level 1 in Armour
   787 | D:2      | Noticed an ice beast
   809 | D:2      | Killed an ice beast
   809 | D:2      | Reached skill level 6 in Axes
   809 | D:2      | Reached skill level 2 in Armour
   809 | D:2      | Reached XP level 4. HP: 24/37 MP: 4/4
   809 | D:2      | Reached XP level 5. HP: 28/42 MP: 5/5
   916 | D:2      | Reached skill level 7 in Axes
  1056 | D:2      | Found a glowing silver altar of Zin.
  1576 | D:3      | Noticed an ogre
  1584 | D:3      | Killed an ogre
  1584 | D:3      | Reached skill level 8 in Axes
  1584 | D:3      | Reached skill level 3 in Armour
  1584 | D:3      | Reached XP level 6. HP: 38/50 MP: 6/6
  1940 | D:3      | Noticed Daviar's ghost (amateur BaFi)
  1956 | D:3      | HP: 15/50 [Daviar's ghost (10)]
  1960 | D:3      | Killed Daviar's ghost
  1996 | D:3      | Found a deep blue altar of Sif Muna.
  2070 | D:3      | Reached XP level 7. HP: 52/56 MP: 7/7
  2303 | D:3      | Reached skill level 4 in Armour
  2307 | D:3      | Reached skill level 9 in Axes
  2947 | D:4      | Reached skill level 10 in Axes
  3057 | D:4      | Found a hazy altar of Hepliaklqana.
  3114 | D:4      | Reached skill level 5 in Armour
  3114 | D:4      | Reached XP level 8. HP: 58/62 MP: 8/8
  3416 | D:5      | Entered Level 5 of the Dungeon
  3416 | D:5      | Found a staircase to the Ecumenical Temple.
  3424 | D:5      | Noticed Tovarisch's ghost (novice DENe)
  3452 | D:5      | Killed Tovarisch's ghost
  3452 | D:5      | Reached skill level 11 in Axes
  3576 | Temple   | Entered the Ecumenical Temple
  3760 | D:5      | Got a slimy whip
  4005 | D:5      | Became a worshipper of Beogh the Brigand
  4020 | D:5      | Reached skill level 6 in Armour
  4274 | D:6      | Learned a level 1 spell: Apportation
  4479 | D:6      | Reached skill level 12 in Axes
  4553 | D:6      | Reached XP level 9. HP: 40/68 MP: 9/9
  5042 | D:7      | Noticed a troll
  5053 | D:7      | HP: 20/68 [troll (10)]
  5293 | D:7      | Noticed Tovarisch's ghost (novice DENe)
  5462 | D:7      | Killed Tovarisch's ghost
  5462 | D:7      | Reached skill level 13 in Axes
  5462 | D:7      | Reached skill level 7 in Armour
  5562 | D:7      | Found an ornate altar of the Wu Jian Council.
  5623 | D:7      | Reached * piety under Beogh
  5750 | D:7      | Identified the cursed +0 whip of the Dragonfly {chaos, rN+ MR+ Int+2 Dex+2} (You found it on level 5 of the Dungeon)
  5827 | D:7      | Reached skill level 8 in Armour
  5852 | D:7      | Reached skill level 14 in Axes
  6087 | D:7      | Killed a troll
  6087 | D:7      | Reached XP level 10. HP: 46/74 MP: 10/10
  6770 | D:7      | Reached skill level 15 in Axes
  6947 | D:8      | Reached skill level 9 in Armour
  6978 | D:8      | Found a deep blue altar of Sif Muna.
  7026 | D:8      | HP: 20/74 [orc priest/divine providence (12)]
  7032 | D:8      | HP: 8/74 [orc priest/divine providence (14)]
  7858 | D:8      | Reached ** piety under Beogh
  7950 | D:8      | HP: 15/74 [polar bear (14)]
  7955 | D:8      | HP: 15/74 [polar bear (19)]
  7956 | D:8      | HP: 4/74 [polar bear (5)]
  7956 | D:8      | HP: 1/74 [polar bear (3)]
  7960 | D:8      | Reached skill level 16 in Axes
  8240 | D:8      | HP: 14/74 [electric eel/bolt of electricity (16)]
  8241 | D:8      | HP: 3/74 [hippogriff (7)]
  8242 | D:8      | HP: 1/74 [hippogriff (1)]
  9081 | D:8      | Reached skill level 10 in Armour
  9489 | D:9      | Found a shattered altar of Ashenzari.
  9500 | D:9      | Noticed a two-headed ogre
  9502 | D:9      | Reached XP level 11. HP: 66/80 MP: 11/11
  9509 | D:9      | Killed a two-headed ogre
  9512 | D:9      | Reached skill level 17 in Axes
  9734 | D:9      | Noticed a two-headed ogre
  9804 | D:8      | Killed a two-headed ogre
 10103 | D:9      | Reached *** piety under Beogh
 10119 | D:9      | HP: 21/80 [troll (7)]
 10410 | D:9      | Noticed a death knight
 10432 | D:9      | Noticed a harpy
 10432 | D:9      | a hornet changed into a harpy
 10442 | D:9      | Found a shimmering altar of Xom.
 10828 | D:9      | Reached skill level 1 in Invocations
 10951 | D:9      | Found a burning altar of Makhleb.
 10952 | D:9      | Found a shimmering altar of Xom.
 11241 | D:9      | Killed a death knight
 11241 | D:9      | Reached skill level 2 in Invocations
 11460 | D:9      | Noticed a centaur warrior
 11461 | D:9      | Noticed an orc knight
 11467 | D:9      | Noticed a storm dragon
 11467 | D:9      | Killed from afar by a storm dragon

Vault maps used:
D:1:      mrwooster_arrival_statue_2, nrook_mini_vaults
D:2:      lemuel_statue_altar
D:3:      lemuel_doored_altar, first_ration, minivault_27
D:4:      marbit_many_paths, goddamned_bats
D:5:      minmay_temple_entry_glass
D:6:      minivault_27
D:7:      kennysheep_mini_moat, grunt_livestock, glass_columns_a
D:8:      serial_ice, serial_ice_f, serial_ice_a, serial_ice_d, serial_ice_j,
          serial_ice_m, serial_ice_o, basic_altar, minivault_14
D:9:      minmay_sliced_demisemicircle, grunt_temple_overflow_champion_of_chaos,
          ashenzari_conservatory_becter, basic_altar
Temple:   nicolae_temple_elliptical

Skill      XL: |  1  2  3  4  5  6  7  8  9 10 11 |
---------------+----------------------------------+-----
Axes           | 5 6 8 10 12 14 16 17 | 17.7
Armour         | 2 3 5 6 8 10 | 10.9
Invocations    | 2 |  2.1
Fighting       | |  2.4
Throwing       | |  1.7
Dodging        | |  2.4

Action                   |  1- 3 |  4- 6 |  7- 9 | 10-12 || total
-------------------------+-------+-------+-------+-------++-------
Melee: War axe           |    94 |   176 |   366 |   381 ||  1017
Throw: Throwing net      |     1 |       |       |       ||     1
       Stone             |       |     3 |     7 |    17 ||    27
Invok: Convert to Beogh  |       |       |     1 |       ||     1
Evoke: Wand              |       |       |       |    14 ||    14
  Use: Scroll            |       |     4 |     8 |     4 ||    16
       Potion            |       |     1 |       |     6 ||     7
  Eat: Chunk             |       |     4 |    13 |    17 ||    34
Armor: Leather armour    |    18 |       |       |       ||    18
       Chain mail        |    32 |   118 |   245 |   320 ||   715
Dodge: Dodged            |    37 |    73 |   142 |   204 ||   456

Table legend:
 A = Spawn XP
 B = Non-spawn XP
 C = Spawn XP percentage of total XP
 D = Spawn monster count
 E = Non-spawn monster count
 F = Spawn count percentage of total count
 G = Total turns spent on level
                    A         B        C        D         E        F      G
               +---------+---------+-------+---------+---------+-------+---------
         Total |       0 |   13807 |   0.0 |       0 |     256 |   0.0 | 11467
               +---------+---------+-------+---------+---------+-------+---------
           D:1 |       0 |      63 |   0.0 |       0 |      28 |   0.0 |   731
           D:2 |       0 |     188 |   0.0 |       0 |      21 |   0.0 |   750
           D:3 |       0 |     442 |   0.0 |       0 |      32 |   0.0 |   921
           D:4 |       0 |     631 |   0.0 |       0 |      43 |   0.0 |  1122
           D:5 |       0 |     594 |   0.0 |       0 |       7 |   0.0 |   586
           D:6 |       0 |    1007 |   0.0 |       0 |      26 |   0.0 |  1132
           D:7 |       0 |    3192 |   0.0 |       0 |      21 |   0.0 |  2392
           D:8 |       0 |    3978 |   0.0 |       0 |      41 |   0.0 |  1938
           D:9 |       0 |    3712 |   0.0 |       0 |      37 |   0.0 |  1748
               +---------+---------+-------+---------+---------+-------+---------

Table legend:
 A = Turns spent in this place as a percentage of turns spent in the entire game.
 B = Non-inter-level travel turns spent in this place as a percentage of non-inter-level travel turns spent in the entire game.
 C = Inter-level travel turns spent in this place as a percentage of turns spent in this place.
 D = Turns resting spent in this place as a percentage of non-inter-level travel turns spent in this place.
 E = Turns spent auto-exploring this place as a percentage of non-inter-level travel turns spent in this place.
 F = Non-inter-level travel turns spent in this place divided by the number of levels of this place that you've seen.
                   A       B       C       D       E      F
               +-------+-------+-------+-------+-------+----------------------
         Total | 100.0 | 100.0 |   2.3 |  36.5 |  37.7 | 1120.1
       Dungeon |  98.7 |  98.9 |   2.2 |  36.9 |  37.1 | 1230.7
        Temple |   1.3 |   1.1 |  15.0 |   0.0 |  98.4 | 125.0
               +-------+-------+-------+-------+-------+----------------------

Vault maps used:
D:1:      mrwooster_arrival_statue_2, nrook_mini_vaults
D:2:      lemuel_statue_altar
D:3:      lemuel_doored_altar, first_ration, minivault_27
D:4:      marbit_many_paths, goddamned_bats
D:5:      minmay_temple_entry_glass
D:6:      minivault_27
D:7:      kennysheep_mini_moat, grunt_livestock, glass_columns_a
D:8:      serial_ice, serial_ice_f, serial_ice_a, serial_ice_d, serial_ice_j,
          serial_ice_m, serial_ice_o, basic_altar, minivault_14
D:9:      minmay_sliced_demisemicircle, grunt_temple_overflow_champion_of_chaos,
          ashenzari_conservatory_becter, basic_altar
Temple:   nicolae_temple_elliptical
